 Dungeon Crawl Stone Soup version 0.24-a0-484-g962a3eeff7 (webtiles) character file.

Game seed: 5022963917079203892

11335 Inquire the Cleaver (level 11, 0/92 HPs)
             Began as a Minotaur Artificer on July 9, 2019.
             Was an Elder of Kikubaaqudgha.
             Killed from afar by a wretched star (22 damage)
             ... with an orb of energy
             ... in a Gauntlet.
             The game lasted 00:19:29 (9563 turns).

Inquire the Cleaver (Minotaur Artificer)            Turns: 9563, Time: 00:19:29

Health: 0/92       AC: 13    Str: 19    XL:     11   Next: 48%
Magic:  12/12      EV: 11    Int:  9    God:    Kikubaaqudgha [****..]
Gold:   187        SH:  0    Dex: 11    Spells: 5/10 levels left

rFire    . . .     SeeInvis .   v - +2 hand axe (pain)
rCold    + . .     Gourm    .   (no shield)
rNeg     . . .     Faith    .   x - +0 ring mail
rPois    +         Spirit   .   (helmet restricted)
rElec    .         Reflect  .   h - +2 cloak
rCorr    .         Harm     .   (no gloves)
MR       .....     NoTele   +   f - +2 pair of boots
Stlth    +.........             (no amulet)
HPRegen  0.25/turn              L - ring of poison resistance
MPRegen  0.13/turn              b - ring of protection from cold

@: studying Transmutations
A: retaliatory headbutt, horns 2, [subdued magic 2]
a: Receive Corpses, Renounce Religion


You were in a Gauntlet.
You worshipped Kikubaaqudgha.
Kikubaaqudgha was greatly pleased with you.
You were full.

You visited 2 branches of the dungeon, and saw 12 of its levels.
You also visited: Ossuary and Gauntlet.

You collected 587 gold pieces.
You spent 400 gold pieces at shops.

Inventory:

Hand Weapons
 a - a +1 broad axe
 v - a +2 hand axe of pain (weapon)
Missiles
 l - 142 sling bullets
 o - 4 throwing nets
 B - 59 poisoned darts (quivered)
Armour
 f - a +2 pair of boots (worn)
 h - a +2 cloak (worn)
 p - a +0 chain mail
 x - a +0 ring mail (worn)
Magical Staves
 g - an uncursed staff of conjuration {unknown}
 n - an uncursed staff of summoning {unknown}
Jewellery
 b - a ring of protection from cold (right hand)
 q - an uncursed ring of magical power
 r - an uncursed ring of flight
 F - an uncursed ring of protection from cold
 L - a ring of poison resistance (left hand)
Wands
 c - a wand of flame (26)
 d - a wand of enslavement (30)
 e - a wand of random effects (11)
 j - a wand of acid (1)
 w - a wand of digging (14)
Scrolls
 t - 3 scrolls of fog
 u - 7 scrolls of teleportation
 y - 2 scrolls of magic mapping
 K - a scroll of vulnerability
 R - a scroll of silence
Potions
 i - a potion of brilliance
 k - 2 potions of heal wounds
 m - 3 potions of curing
 s - a potion of cancellation
 C - 5 potions of mutation
 D - 2 potions of might
 E - 3 potions of flight
 H - 3 potions of agility
 O - a potion of invisibility
Books
 G - a manual of Transmutations
Comestibles
 A - 13 rations


   Skills:
 - Level 7.5 Fighting
   Level 1.1 Short Blades
 * Level 12.4 Axes
 - Level 7.3 Armour
 - Level 2.1 Dodging
 - Level 0.7 Stealth
 * Level 6.2 Necromancy
 * Level 9.8 Transmutations
 - Level 3.7 Evocations


You had 5 spell levels left.
You knew the following spells:

 Your Spells              Type           Power        Failure   Level  Hunger
a - Corpse Rot            Necr           N/A          4%          2    ###....
b - Regeneration          Chrm/Necr      #.........   41%         3    ####...

Your spell library contained the following spells:

 Spells                   Type           Power        Failure   Level  Hunger
 Pain                     Necr           #...         2%          1    ##.....
 Sublimation of Blood     Necr           #.........   4%          2    ###....
 Passwall                 Tmut/Erth      #.......     10%         2    ###....
 Animate Dead             Necr           N/A          36%         4    #####..
 Sandblast                Erth           #.....       45%         1    ##.....
 Petrify                  Tmut/Erth      #.......     56%         4    #####..
 Agony                    Necr           #.......     73%         5    ######.
 Dispel Undead            Necr           #.......     73%         5    ######.
 Stone Arrow              Conj/Erth      #.....       85%         3    ####...
 Borgnjor's Vile Clutch   Necr/Erth      #.........   99%         5    ######.
 Bolt of Magma            Conj/Fire/Erth #.........   100%        5    ######.
 Lee's Rapid Deconstruct  Erth           #.........   100%        5    ######.
 Simulacrum               Ice/Necr       #.........   100%        6    #######
 Statue Form              Tmut/Erth      #........    100%        6    #######


Dungeon Overview and Level Annotations

Branches:
Dungeon (11/15)            Temple (1/1) D:5            Lair (0/6) D:9
    Orc: D:9-12

Altars:
Ashenzari
Cheibriados
Dithmenos
Elyvilon
Fedhas
Gozag
Hepliaklqana
Kikubaaqudgha
Makhleb
Nemelex Xobeh
Okawaru
Qazlal
Ru
Sif Muna
Trog
Uskayaw
Vehumet
Wu Jian
Xom
Yredelemnul
Zin
The Shining One

Shops:
D:5 ?   D:8 =

Annotations:
D:4 Ijyb
D:5 2 transporters Gauntlet 13 transporters, exclusion: orange crystal statue


Innate Abilities, Weirdness & Mutations

You reflexively headbutt those who attack you in melee.
You have a pair of horns on your head.
[Your spells are easier to cast, but less powerful.]


Message History

The wretched star is severely damaged.
The wretched star glows turbulently.
The orb of energy hits you!!
* * * LOW HITPOINT WARNING * * *
The orb of energy explodes!
You closely miss the wretched star.
The wretched star is severely damaged.
Okay, then.
Unknown command.
Okay, then.
You hit the wretched star.
The wretched star is almost destroyed.
Unknown command.
Unknown command.
You barely miss the wretched star.
The wretched star is almost destroyed.
The wretched star glows turbulently.
The orb of energy hits you!!
You die...
Kikubaaqudgha rasps: "You have failed me!
Welcome... death!"

.....#©........#.........#.......
.#############.###########.######
.#......3..#.#.##.......^#.#.#...
.#...###...#.#.#©######^.#.#.#..#
.#....#....#.#.###....##.#.#.#.##
.#.#..#©.#.#.#.##.####.#.#.#.##..
.#.#######.#.#©#.##.©.##.#©#.#...
##.#..#..#.#.###*#.####.####.##..
©#....#...3#...#@##....###...#.##
##...#.#..3#...#.^######!#...#..#
.#..[?©$...#...#^......=$#...#...
§###########§.§###########...####
............§§§............≈.....
............§8§...........≈8≈....
.............≈.............≈.....
.###########...###########...####
.#..=.©(=..#...#.#####..Y#...#...


You could see a wretched star and 2 sixfirhies.

Vanquished Creatures
  An unseen horror (D:11)
  Pikel (D:7)
  A rust devil (Gauntlet)
  Joseph (D:8)
  A troll (D:9)
  A queen bee (D:8)
  4 hippogriffs
  Prince Ribbit (D:7)
  Eustachio (D:6)
  6 yaks (D:11)
  A ynoxinul (Gauntlet)
  2 hungry ghosts
  A steam dragon (D:10)
  Menkaure (D:5)
  2 water moccasins
  An orc warrior (D:6)
  6 ice beasts
  A black bear (D:7)
  3 sky beasts
  A necrophage (D:11)
  A slave (D:7)
  2 phantoms
  6 ogres
  4 centaurs
  A wolf (D:9)
  4 big kobolds
  9 bullfrogs
  A water moccasin zombie (Ossuary)
  2 scorpions
  6 wights (D:11)
  12 killer bees (D:8)
  3 electric eels (D:9)
  A howler monkey (D:6)
  3 crimson imps
  A bullfrog zombie (D:11)
  A centaur zombie (D:3)
  A jelly (D:7)
  2 quasits
  2 centaur skeletons
  8 hounds
  4 orc priests
  8 orc wizards
  4 iron imps (Gauntlet)
  7 iguanas
  12 worker ants
  5 big kobold zombies (Ossuary)
  A hound zombie (D:6)
  A hound skeleton (D:8)
  4 mummies
  3 gnolls (D:4)
  A howler monkey skeleton (D:10)
  2 worker ant zombies
  14 adders
  3 adder zombies (Ossuary)
  An adder skeleton (D:5)
  3 worms
  3 dart slugs (D:2)
  4 leopard geckos
  36 orcs
  4 giant cockroaches
  10 goblins
  3 hobgoblins
  8 jackals
  25 kobolds
  5 quokkas
  3 bats
  7 frilled lizards
  4 hobgoblin zombies (Ossuary)
  A jackal skeleton (D:5)
  7 kobold zombies (Ossuary)
  A leopard gecko skeleton (D:9)
  5 orc zombies (Ossuary)
  A quokka skeleton (D:8)
  10 rats
317 creatures vanquished.

Vanquished Creatures (collateral kills)
  5 killer bees (D:8)
5 creatures vanquished.

Vanquished Creatures (others)
  Harold (D:8)
  A jackal (D:7)
  3 fungi (Gauntlet)
  2 plants (Gauntlet)
7 creatures vanquished.

Grand Total: 329 creatures vanquished

Notes
Turn   | Place    | Note
-------+----------+-------------------------------------------
     0 | D:1      | Inquire the Minotaur Artificer began the quest for the Orb.
     0 | D:1      | Reached XP level 1. HP: 16/16 MP: 1/1
   693 | D:1      | Reached skill level 1 in Armour
   693 | D:1      | Reached XP level 2. HP: 17/24 MP: 3/3
   832 | D:3      | Reached XP level 3. HP: 18/30 MP: 4/4
  1014 | D:3      | Reached XP level 4. HP: 32/37 MP: 5/5
  1758 | D:2      | Reached XP level 5. HP: 30/45 MP: 6/6
  2170 | D:4      | Noticed Ijyb
  2300 | D:4      | Reached skill level 1 in Axes
  2609 | D:4      | Reached skill level 2 in Axes
  2767 | D:4      | Reached XP level 6. HP: 52/52 MP: 7/7
  2775 | D:5      | Entered Level 5 of the Dungeon
  2775 | D:5      | Found Rimohas's Magic Scroll Shoppe.
  2794 | D:5      | Bought a scroll of teleportation for 33 gold pieces
  2794 | D:5      | Bought a scroll of enchant armour for 82 gold pieces
  2794 | D:5      | Bought a scroll of enchant armour for 82 gold pieces
  2817 | D:5      | Noticed a sky beast
  2825 | D:5      | Killed a sky beast
  2825 | D:5      | Reached skill level 3 in Axes
  2867 | D:5      | Found a sparkling altar of Nemelex Xobeh.
  2941 | D:6      | Found a sand-covered staircase.
  2994 | D:6      | Noticed a hungry ghost
  2995 | D:6      | Noticed Eustachio
  3009 | D:6      | Reached skill level 4 in Axes
  3011 | D:6      | Reached XP level 7. HP: 60/60 MP: 8/8
  3026 | D:5      | Reached skill level 5 in Fighting
  3049 | D:5      | Killed a hungry ghost
  3049 | D:5      | Reached skill level 5 in Axes
  3049 | D:5      | Reached skill level 5 in Armour
  3174 | D:5      | Found a transporter.
  3212 | D:5      | Found a transporter.
  3266 | D:6      | Noticed Menkaure
  3270 | D:5      | Killed Menkaure
  3270 | D:5      | Reached skill level 6 in Axes
  3522 | D:6      | Reached XP level 8. HP: 63/70 MP: 9/9
  3543 | Ossuary  | Entered an ossuary
  3678 | Ossuary  | Reached skill level 7 in Axes
  3775 | D:6      | Killed Eustachio
  3861 | D:6      | Reached skill level 8 in Axes
  4273 | D:5      | Found a staircase to the Ecumenical Temple.
  4286 | Temple   | Entered the Ecumenical Temple
  4367 | Temple   | Became a worshipper of Kikubaaqudgha
  4640 | D:7      | Reached skill level 1 in Transmutations
  4641 | D:7      | Noticed a hippogriff
  4647 | D:7      | Reached skill level 1 in Necromancy
  4658 | D:7      | Killed a hippogriff
  4658 | D:7      | Reached XP level 9. HP: 57/79 MP: 10/10
  4711 | D:7      | Noticed Prince Ribbit
  4719 | D:7      | Killed Prince Ribbit
  4748 | D:7      | Reached skill level 9 in Axes
  4750 | D:7      | Found a glowing golden altar of the Shining One.
  4958 | D:7      | Reached * piety under Kikubaaqudgha
  4958 | D:7      | Identified Kikubaaqudgha's Volume of Darkness
                  | (Kikubaaqudgha gifted it to you on level 7 of the Dungeon)
  4958 | D:7      | Received a gift from Kikubaaqudgha
  4969 | D:7      | Learned a level 2 spell: Corpse Rot
  4973 | D:7      | Learned a level 3 spell: Regeneration
  5019 | D:7      | Got a flickering bone ring
  5151 | D:7      | Noticed Pikel
  5164 | D:7      | Killed Pikel
  5164 | D:7      | Reached skill level 5 in Transmutations
  5400 | D:5      | Bought a scroll of fog for 22 gold pieces
  5400 | D:5      | Bought a scroll of teleportation for 33 gold pieces
  5400 | D:5      | Bought a scroll of remove curse for 33 gold pieces
  5400 | D:5      | Bought a scroll of silence for 82 gold pieces
  5489 | D:8      | Reached skill level 10 in Axes
  5682 | D:8      | Reached XP level 10. HP: 86/86 MP: 11/11
  5682 | D:8      | Noticed Harold
  5719 | D:8      | Noticed Joseph
  5727 | D:8      | Your ally died
  5732 | D:8      | Reached ** piety under Kikubaaqudgha
  5777 | D:8      | Killed Joseph
  5970 | D:8      | Identified the ring of Xully {*Tele +Fly rPois Int-4} (You
                  | found it on level 7 of the Dungeon)
  6040 | D:8      | Found a snail-covered altar of Cheibriados.
  6071 | D:8      | Found Awkef's Jewellery Boutique.
  6231 | D:5      | Bought a scroll of remove curse for 33 gold pieces
  6386 | D:8      | Found a burning altar of Makhleb.
  6401 | D:8      | Found a stormy altar of Qazlal.
  6411 | D:8      | Found a glowing golden altar of the Shining One.
  6411 | D:8      | Found a basalt altar of Yredelemnul.
  6411 | D:8      | Found a white marble altar of Elyvilon.
  6411 | D:8      | Found an ornate altar of the Wu Jian Council.
  6411 | D:8      | Found a shattered altar of Ashenzari.
  6412 | D:8      | Found a hide-covered altar of Uskayaw.
  6424 | D:8      | Found an opulent altar of Gozag.
  6425 | D:8      | Found a blossoming altar of Fedhas.
  6666 | D:9      | Reached skill level 11 in Axes
  6705 | D:9      | Found a staircase to the Lair.
  6954 | D:9      | Reached *** piety under Kikubaaqudgha
  6954 | D:9      | Identified Kikubaaqudgha's Volume of Evil (Kikubaaqudgha
                  | gifted it to you on level 9 of the Dungeon)
  6954 | D:9      | Received a gift from Kikubaaqudgha
  6995 | D:9      | Reached skill level 5 in Necromancy
  7419 | D:10     | Entered Level 10 of the Dungeon
  7511 | D:10     | Identified the Tome of the Mountains
  7873 | D:10     | Reached XP level 11. HP: 77/92 MP: 12/12
  7931 | D:10     | Reached **** piety under Kikubaaqudgha
  8268 | D:11     | Found a gate leading to a gauntlet.
  8414 | D:11     | Reached skill level 12 in Axes
  8551 | D:11     | Killed an unseen horror
  8683 | D:11     | Noticed a brown ugly thing
  8703 | Gauntlet | Entered a Gauntlet
  8703 | Gauntlet | Found a transporter.
  8703 | Gauntlet | Found a transporter.
  8867 | Gauntlet | Found a transporter.
  8872 | Gauntlet | Noticed a wretched star
  8876 | Gauntlet | Found a transporter.
  8896 | Gauntlet | Noticed a dire elephant
  8897 | Gauntlet | Found a transporter.
  8901 | Gauntlet | Noticed a sixfirhy
  8902 | Gauntlet | Noticed a sixfirhy
  8904 | Gauntlet | Noticed a sixfirhy
  8905 | Gauntlet | Found a transporter.
  8905 | Gauntlet | Found a transporter.
  8905 | Gauntlet | Noticed an orange crystal statue
  8909 | Gauntlet | Found a transporter.
  8913 | Gauntlet | Noticed a sixfirhy
  8918 | Gauntlet | Found a transporter.
  8921 | Gauntlet | Found a transporter.
  8960 | Gauntlet | Found a transporter.
  8992 | Gauntlet | Found a transporter.
  9002 | Gauntlet | Found a transporter.
  9018 | Gauntlet | Found a transporter.
  9026 | Gauntlet | Noticed a catoblepas
  9118 | Gauntlet | Found a transporter.
  9133 | Gauntlet | Found a transporter.
  9133 | Gauntlet | Noticed a wizard
  9143 | Gauntlet | Noticed a wizard
  9563 | Gauntlet | Killed from afar by a wretched star

Levels and vault maps discovered:
D:1:      wander_arrival_peaceful_grave, layout_loops_ring
D:2:      layout_rooms, minmay_pentomino_p2
D:3:      layout_loops_ring, grunt_ministairs_10
D:4:      layout_basic, uniq_ijyb
D:5:      gammafunk_wand_slinger, layout_cave_pools, overflow_temple_1_default,
          temple_doors_e, first_ration, serial_shops, shop_scrolls,
          hangedman_decor_clover_reticule, minmay_manual_mess
D:6:      layout_rooms, gup_ossuary_entry_pyramid, lightli_orcish_oven,
          uniq_menkaure, uniq_eustachio
D:7:      layout_basic, basic_altar, uniq_pikel, uniq_prince_ribbit1
D:8:      layout_loops_ring, old_standard_altar, minitemple, serial_shops,
          nicolae_shop_trees, david_nohive_1, uniq_joseph, uniq_harold
D:9:      layout_long_grid, erik_lair_island, serial_rivers,
          chequers_serial_rivers_large_b, chequers_serial_rivers_micro_d,
          chequers_serial_rivers_marsh, chequers_serial_rivers_micro_c,
          chequers_serial_rivers_marsh, chequers_serial_rivers_room_b,
          hangedman_decor_slide_cut
D:10:     layout_roguey
D:11:     layout_layer_cave, serial_undead, serial_undead_e, serial_undead_c,
          serial_undead_d, serial_undead_a, gauntlet_entry_generic, st_stairs_12
Temple:   zaba_magenta_temple
Gauntlet: gammafunk_gauntlet_branching [gammafunk_gauntlet_arena_hedges,
          gammafunk_gauntlet_arena_chambers, gammafunk_gauntlet_arena_mazey,
          gammafunk_gauntlet_arena_crates, gammafunk_gauntlet_arena_spirals,
          nicolae_gauntlet_swirl, gammafunk_gauntlet_arena_teeth,
          nicolae_gauntlet_arena_t_cross, gauntlet_exit_green]

Skill      XL: |  1  2  3  4  5  6  7  8  9 10 11 |
---------------+----------------------------------+-----
Armour         | 1 2 3 4 5 6 7 |  7.3
Fighting       | 2 3 4 5 7 |  7.5
Evocations     | 3 |  3.7
Axes           | 2 4 6 8 10 11 12 | 12.4
Transmutations | 2 5 8 9 |  9.8
Necromancy     | 1 3 5 6 |  6.2
Short Blades   | |  1.1
Dodging        | |  2.1
Stealth        | |  0.7

Action                   |  1- 3 |  4- 6 |  7- 9 | 10-12 || total
-------------------------+-------+-------+-------+-------++-------
Melee: Short sword       |    53 |   117 |       |       ||   170
       Headbutt          |    12 |    33 |    63 |    97 ||   205
       Hand axe          |       |    60 |   347 |   503 ||   910
 Cast: Regeneration      |       |       |       |     1 ||     1
Evoke: Wand              |     3 |     6 |    16 |    22 ||    47
  Use: Scroll            |     5 |     8 |     7 |     6 ||    26
       Potion            |       |     1 |     3 |    10 ||    14
 Stab: Paralysed         |       |       |    23 |       ||    23
       Confused          |       |       |     2 |     1 ||     3
       Invisible         |       |       |       |     2 ||     2
  Eat: Chunk             |       |     6 |     5 |    15 ||    26
       Ration            |       |       |     6 |     2 ||     8
Armor: Plate armour      |    38 |    23 |       |       ||    61
       Chain mail        |       |    84 |       |       ||    84
       Ring mail         |       |     7 |   158 |   192 ||   357
       Skin              |       |       |    20 |    23 ||    43
Dodge: Dodged            |    17 |    68 |   188 |   199 ||   472

Table legend:
 A = Non-vault XP
 B = Vault XP
 C = Vault XP percentage of total XP
 D = Non-vault monster count
 E = Vault monster count
 F = Vault count percentage of total count
                 A         B        C        D         E       F
            +---------+---------+-------+---------+---------+-------
      Total |   11406 |    4787 |  29.6 |     247 |      74 |  23.1
            +---------+---------+-------+---------+---------+-------
        D:1 |      12 |       0 |   0.0 |       5 |       0 |   0.0
        D:2 |      59 |       4 |   6.3 |      22 |       2 |   8.3
        D:3 |     151 |       2 |   1.3 |      27 |       2 |   6.9
        D:4 |     154 |       0 |   0.0 |       8 |       0 |   0.0
        D:5 |     812 |     219 |  21.2 |      17 |       4 |  19.0
        D:6 |     442 |     380 |  46.2 |      11 |       8 |  42.1
        D:7 |    1547 |     871 |  36.0 |      28 |       2 |   6.7
        D:8 |    1551 |    1434 |  48.0 |      38 |      14 |  26.9
        D:9 |    1234 |     570 |  31.6 |      28 |       6 |  17.6
       D:10 |    1891 |       0 |   0.0 |      37 |       0 |   0.0
       D:11 |    3553 |     200 |   5.3 |      26 |       3 |  10.3
    Ossuary |       0 |     277 | 100.0 |       0 |      27 | 100.0
   Gauntlet |       0 |     830 | 100.0 |       0 |       6 | 100.0
            +---------+---------+-------+---------+---------+-------
